 Dungeon Crawl Stone Soup version 0.30-a0-778-g2ef04afb54 (webtiles) character file.

Game seed: 2455127065705757526

105 Nedwor the Covered (level 5, -1/41 HPs)
             Began as a Human Fighter on Feb 15, 2023.
             Slain by a bullfrog (4 damage)
             ... on level 5 of the Dungeon.
             The game lasted 00:02:43 (2125 turns).

Nedwor the Covered (Human Fighter)                  Turns: 2125, Time: 00:02:44

Health: -1/41      AC: 11    Str: 18    XL:     5   Next: 9%
Magic:  5/5        EV:  7    Int:  8    God:
Gold:   149        SH:  5    Dex: 13    Spells: 4/4 levels left

rFire   . . .      SeeInvis .    a - +0 rapier
rCold   . . .      Faith    .    c - +0 buckler
rNeg    . . .      Spirit   .    j - +0 chain mail
rPois   .          Reflect  .    k - +0 helmet
rElec   .          Harm     .    (no cloak)
rCorr   .          Rampage  .    b - +0 pair of gloves
Will    .....                    (no boots) Stlth
                                 (no amulet)
HPRegen 0.26/turn                (no ring)
MPRegen 0.09/turn                (no ring)

@: no status effects
A: no striking features
a: no special abilities


You were on level 5 of the Dungeon.
You visited 1 branch of the dungeon, and saw 5 of its levels.

You collected 149 gold pieces.

Inventory:

Hand Weapons
 a - a +0 rapier (weapon)
Armour
 b - a +0 pair of gloves (worn)
 c - a +0 buckler (worn)
 j - a +0 chain mail (worn)
 k - a +0 helmet (worn)
Jewellery
 p - a ring of flight
Scrolls
 e - 2 scrolls of identify {unknown}
 f - 2 scrolls of enchant weapon {unknown}
 i - 2 scrolls of immolation {unknown}
 q - a scroll of teleportation {unknown}
Potions
 d - a potion of degeneration {unknown}
 g - a potion of brilliance {unknown}
 h - a potion of heal wounds {unknown}
 l - a potion of mutation {unknown}
 n - a potion of invisibility {unknown}
 o - a potion of lignification {unknown}


   Skills:
 + Level 3.4 Fighting
 * Level 3.2 Short Blades
 + Level 3.4 Armour
 + Level 1.5 Dodging
 + Level 3.4 Shields


You had 4 spell levels left.
You didn't know any spells.
Your spell library contained the following spells:

 Spells                   Type           Power      Damage    Failure   Level
 Cigotuvi's Dreadful Rot  Necr/Pois/Air  0%         N/A       100%        2
 Dispel Undead            Necr           0%         3d6       100%        4
 Death Channel            Necr           0%         N/A       100%        6


Dungeon Overview and Level Annotations

Branches:
Dungeon (6/15)
 Temple: D:4-7

Altars:
Elyvilon
Yredelemnul

Shops:
D:2 :

Annotations:
D:5 Ijyb


Message History

Found a short sword.
The jelly quivers.
The hound stops to sniff the ground.
The hound bites you but does no damage. The hound bites you.
* * * LOW HITPOINT WARNING * * *
The bullfrog hits you.
* * * LOW HITPOINT WARNING * * *
The hound closely misses you.
You see here 10 gold pieces.
The bullfrog attacks as you move away! The bullfrog closely misses you.
The bullfrog hits you but does no damage.
Found a leather armour.
You block the hound's attack.
The bullfrog hits you but does no damage.
The hound bites you but does no damage. The bullfrog closely misses you.
The bullfrog hits you.
* * * LOW HITPOINT WARNING * * *
You block the hound's attack.
Ijyb zaps a wand.
Some rock shatters into small pieces.
The bullfrog attacks as you move away! You block the bullfrog's attack.
The bullfrog hits you but does no damage.
The bullfrog attacks as you move away! You block the bullfrog's attack.
Found a leather armour.
The hound bites you.
* * * LOW HITPOINT WARNING * * *
The hound attacks as you move away! The hound closely misses you.
You block the bullfrog's attack. The hound barely misses you.
You hit the hound.
The hound is moderately wounded.
The bullfrog barely misses you. The hound bites you but does no damage.
The bullfrog barely misses you.
Ijyb zaps a wand.
Some rock shatters into small pieces.
The hound barely misses you.
You closely miss the hound.
The hound is moderately wounded.
The bullfrog hits you but does no damage.
The hound bites you but does no damage.
The bullfrog hits you but does no damage.
You hit the hound.
The hound is heavily wounded.
The hound bites you but does no damage. The bullfrog hits you.
You die...

##### #...# ....
......#### ##...#######
##?...>.####.$.........
#................?....[
#....##.#...##..#.#..##
#..#. #.#.#.###......#
... < ....#.##.g..####
.. .. ##.###.##Fh..# #
.. ...# #.##.@#..# .##
###.. ..##........# ...
##..........#
#.#..#..#..#
#.#..#[....# .
......... ## ##.. ....#
... ....#


You could see Ijyb, a bullfrog and a hound.

Vanquished Creatures
  A hound (D:6)
  2 adders (D:2)
  A dart slug (D:2)
  4 orcs (D:2)
  2 bats (D:1)
  An endoplasm (D:1)
  2 giant cockroaches
  6 goblins
  6 hobgoblins
  3 jackals (D:1)
  3 kobolds
  A quokka (D:2)
  4 ball pythons
  4 frilled lizards
  6 rats
46 creatures vanquished.

Notes
Turn   | Place    | Note
-------+----------+-------------------------------------------
     0 | D:1      | Nedwor the Human Fighter began the quest for the Orb.
     0 | D:1      | Reached XP level 1. HP: 18/18 MP: 1/1
   107 | D:1      | Found a faded altar of an unknown god.
   135 | D:1      | Reached XP level 2. HP: 18/24 MP: 2/2
   636 | D:1      | Reached XP level 3. HP: 29/29 MP: 3/3
   835 | D:2      | Reached skill level 1 in Dodging
  1087 | D:2      | Reached XP level 4. HP: 15/35 MP: 4/4
  1361 | D:2      | Found Xokue's Book Shoppe.
  1824 | D:3      | Found a white marble altar of Elyvilon.
  1917 | D:3      | Found a basalt altar of Yredelemnul.
  1976 | D:3      | You fall into a shaft and drop 3 floors!
  2015 | D:6      | Reached XP level 5. HP: 28/41 MP: 5/5
  2074 | D:6      | Noticed a kobold brigand
  2090 | D:6      | Noticed a bullfrog
  2103 | D:5      | Entered Level 5 of the Dungeon
  2106 | D:5      | Noticed Ijyb
  2118 | D:5      | HP: 2/41 [bullfrog (5)]
  2125 | D:5      | Slain by a bullfrog

Illustrated notes

Levels and vault maps discovered:
D:1:      lemuel_arrival_muddy, layout_basic, hellmonk_ecumenical_altar_run_dry
D:2:      layout_loops_ring, serial_shops, shop
D:3:      layout_basic, kennysheep_ying_yang
D:5:      layout_loops_cross, gammafunk_temple_overflow_arena,
          jmf_multi_god_temple2, gammafunk_ghost_split, uniq_ijyb
D:6:      layout_rooms

Skill      XL: |  1  2  3  4 |
---------------+-------------+-----
Dodging        | 1 |  1.5
Short Blades   | 3 |  3.2
Fighting       | |  3.4
Armour         | |  3.4
Shields        | |  3.4

Action                     |  1- 3 |  4- 6 || total
---------------------------+-------+-------++-------
  Melee: Rapier            |   123 |   103 ||   226
    Use: Potion            |     1 |     1 ||     2
 Armour: Scale mail        |    23 |       ||    23
         Chain mail        |    66 |    76 ||   142
  Dodge: Dodged            |    44 |    45 ||    89
  Block: Buckler           |    21 |    40 ||    61

Table legend: (Time is in decaauts)
 A = Elapsed time spent in this place.
 B = Non-inter-level travel time spent in this place.
 C = Inter-level travel time spent in this place.
 D = Time resting spent in this place.
 E = Time spent auto-exploring this place.
 F = Levels seen in this place.
 G = Mean time per level.
                   A        B        C        D        E       F      G
               +--------+--------+--------+--------+--------+-----+--------+
         Total |   2148 |   2072 |     76 |     28 |   1557 |   5 |  429.6 |
       Dungeon |   2148 |   2072 |     76 |     28 |   1557 |   5 |  429.6 |
               +--------+--------+--------+--------+--------+-----+--------+

Top non-repeatable levels by time:
     D:2: 819 daAuts
     D:1: 794 daAuts
     D:3: 382 daAuts
     D:6: 129 daAuts
     D:5: 21 daAuts
